 Dungeon Crawl Stone Soup version 0.17.1-2-g5865329 (webtiles) character file.

2392 Metrazal the Nimble (level 9, -2/61 HPs)
             Began as a Spriggan Assassin on Feb 4, 2016.
             Slain by a centaur (5 damage)
             ... on level 7 of the Dungeon on Feb 6, 2016.
             The game lasted 01:20:38 (9083 turns).

Metrazal the Nimble (Spriggan Assassin)             Turns: 9083, Time: 01:20:38

Health: -2/61      AC: 24    Str:  7      XL:     9   Next: 22%
Magic:  10/10      EV:  4    Int: 18      God:
Gold:   345        SH:  0    Dex: 24 (27) Spells: 0 memorised, 8 levels left

rFire  . . .     SeeInvis +     b - +0 blowgun
rCold  + . .     Clarity  .     (armour currently unavailable)
rNeg   + + +     SustAt   .     (shield restricted)
rPois  +         Gourm    .     (helmet currently unavailable)
rElec  .         Spirit   .     (cloak currently unavailable)
rCorr  .         Warding  .     (gloves unavailable)
rMut   +         NoTele   +     (boots unavailable)
MR     +....                    D - amulet of resist mutation
Stlth  +++++++...               G - ring of protection from cold
                                N - ring of stealth

@: brilliant, agile, tree-form (expiring), drained, somewhat resistant to
hostile enchantments, extremely stealthy
A: unfitting armour, see invisible, agile 1, herbivore 3, (speed 0), slow
metabolism 2
a: no special abilities


You were on level 7 of the Dungeon.
You were not hungry.
You were a tree.
You visited 1 branch of the dungeon, and saw 7 of its levels.

You collected 345 gold pieces.

Inventory:

Hand Weapons
 a - a +2 dagger
 b - a +0 blowgun (weapon)
 e - a +1 hunting sling
 f - a +0 shortbow
Missiles
 h - 27 stones
 j - 10 poisoned arrows
 o - 32 sling bullets
 t - 9 poisoned needles (quivered)
 u - 71 arrows
 O - 18 arrows of frost
Armour
 c - a +0 robe
 K - a +2 robe of cold resistance (melded)
Jewellery
 w - an uncursed ring of fire
 y - an uncursed ring of wizardry
 z - an uncursed ring of flight
 D - an amulet of resist mutation (around neck)
 G - a ring of protection from cold (right branch)
 N - a ring of stealth (left branch)
Wands
 I - a wand of disintegration (22)
Scrolls
 i - 2 scrolls of teleportation {unknown}
 k - 3 scrolls of remove curse
 l - 3 scrolls of recharging
 m - 7 scrolls of identify {unknown}
 n - a scroll of enchant armour
 r - a scroll of enchant weapon
 s - a scroll of fog {unknown}
 E - a scroll of random uselessness
 F - a scroll of immolation
 L - a scroll of blinking {unknown}
 M - a scroll of acquirement {unknown}
Potions
 v - a potion of brilliance
 x - a potion of poison
 J - a potion of haste
Books
 H - a book of Party Tricks

   Spells                             Type                      Level
   a - Summon Butterflies             Summoning                    1
   b - Apportation                    Translocation                1
   c - Tukima's Dance                 Hexes                        3
   d - Alistair's Intoxication        Transmutation/Poison         4
   e - Invisibility                   Hexes                        6
Comestibles
 g - 4 bread rations
 q - 10 fruits


   Skills:
 - Level 1.5(1.3) Fighting
 - Level 2.1(2.0) Short Blades
 * Level 9.1(9.0) Slings
 + Level 8.6(8.4) Bows
 - Level 2.0(4.9) Throwing
 + Level 9.3(9.1) Dodging
 + Level 5.9(5.7) Stealth


You had 8 spell levels left.
You didn't know any spells.

Dungeon Overview and Level Annotations

Branches:
Dungeon (7/15)             Temple (0/1) D:5

Altars:
Cheibriados
Fedhas
Makhleb
Nemelex Xobeh
Qazlal
Sif Muna
Trog
Xom


Innate Abilities, Weirdness & Mutations

You are tiny and cannot use many weapons and most armour.
You have supernaturally acute eyesight.
You are a herbivore.
((You cover ground extremely quickly.))
You need consume almost no food.
You are agile. (Dex +2)


Message History

Press: ? - help, Shift-Dir - straight line, f/p - centaur
Aim: a centaur (severely wounded, poisoned)
You shoot a poisoned needle. The poisoned needle hits the centaur!
The centaur is severely wounded.
The centaur hits you but does no damage.
Firing (i - inventory. (,) - cycle):
t - 11 poisoned needles (quivered)
Press: ? - help, Shift-Dir - straight line, f/p - centaur
Aim: a centaur (severely wounded, poisoned)
You shoot a poisoned needle. The poisoned needle hits the centaur!
The centaur is severely wounded.
Your transformation is almost over.
The centaur hits you.
* * * LOW HITPOINT WARNING * * *
Firing (i - inventory. (,) - cycle):
t - 10 poisoned needles (quivered)
Press: ? - help, Shift-Dir - straight line, f/p - centaur
Aim: a centaur (almost dead, poisoned)
You shoot a poisoned needle. The poisoned needle hits the centaur!
The centaur is almost dead.
The centaur hits you.
You die...

#.(.# #.######.#.###
#.#.###.............
#c#.................
#.#########.####.###
#.# #.# #.# #.#
#.####.# #.#
#.##.#)# #.###
#.#.#..# #.#♣##
#<...#.# ###.c..#
###....# #.....##
##.#.# ##.P.P.#
##.#..# #..._..#
#.###.# #..P.P.#
#..#.## #......#
#.#.#)## #.#.#..#
#[#..#.## #.....##
##.#.###.#


You could see a centaur.

Vanquished Creatures
  Eustachio (D:6)
  A sky beast (D:5)
  An ice beast (D:5)
  2 orc warriors (D:7)
  4 phantoms
  A centaur (D:5)
  The ghost of Metrazal the Sneak, an amateur SpAs (D:3)
  3 giant frogs
  4 scorpions
  2 vampire bats (D:7)
  2 wights (D:7)
  A quasit (D:7)
  3 hounds
  A giant frog zombie (D:5)
  8 orc wizards
  Crazy Yiuf (D:3)
  4 orc priests
  Terence (D:2)
  An iguana (D:6)
  A worker ant (D:4)
  Robin (D:2)
  7 gnolls
  2 shadow imps
  6 adders
  2 oozes
  5 giant geckos
  11 orcs
  3 ball pythons
  A bat skeleton (D:7)
  4 bat zombies (D:7)
  3 giant cockroaches
  10 goblins
  7 hobgoblins
  7 jackals
  8 kobolds
  6 bats
  2 giant newts
  A quokka zombie (D:7)
  10 rats
139 creatures vanquished.

Notes
Turn   | Place    | Note
--------------------------------------------------------------
     0 | D:1      | Metrazal the Spriggan Assassin began the quest for the Orb.
     0 | D:1      | Reached XP level 1. HP: 10/10 MP: 2/2
   126 | D:1      | Reached XP level 2. HP: 12/14 MP: 3/3
  1037 | D:1      | Reached XP level 3. HP: 15/18 MP: 4/4
  1435 | D:2      | Noticed Robin
  1463 | D:2      | Killed Robin
  1463 | D:2      | Reached skill level 5 in Dodging
  1544 | D:2      | Reached skill level 1 in Slings
  1665 | D:2      | Noticed Terence
  1687 | D:2      | Killed Terence
  1687 | D:2      | Reached XP level 4. HP: 22/22 MP: 5/5
  2263 | D:3      | Noticed Metrazal's ghost (amateur SpAs)
  2282 | D:3      | Killed Metrazal's ghost
  2282 | D:3      | Reached skill level 6 in Dodging
  2282 | D:3      | Reached XP level 5. HP: 9/25 MP: 6/6
  2492 | D:3      | Found a bloodstained altar of Trog.
  2765 | D:3      | Noticed Crazy Yiuf
  2783 | D:3      | Killed Crazy Yiuf
  2852 | D:3      | Found a deep blue altar of Sif Muna.
  2897 | D:3      | Reached XP level 6. HP: 21/30 MP: 7/7
  2964 | D:3      | Reached skill level 5 in Slings
  3285 | D:4      | Found a deep blue altar of Sif Muna.
  3552 | D:4      | Reached skill level 7 in Dodging
  3804 | D:4      | Found a shimmering altar of Xom.
  3804 | D:4      | Found a stormy altar of Qazlal.
  3804 | D:4      | Found a sparkling altar of Nemelex Xobeh.
  4299 | D:4      | Found a burning altar of Makhleb.
  4466 | D:5      | Entered Level 5 of the Dungeon
  5299 | D:4      | Reached XP level 7. HP: 22/33 MP: 8/8
  5922 | D:5      | Found a staircase to the Ecumenical Temple.
  5972 | D:5      | Reached skill level 5 in Bows
  6168 | D:5      | Reached XP level 8. HP: 28/37 MP: 9/9
  7180 | D:6      | Noticed Eustachio
  7236 | D:6      | Killed Eustachio
  7236 | D:6      | Reached skill level 8 in Dodging
  7319 | D:7      | Found a snail-covered altar of Cheibriados.
  8302 | D:7      | Reached XP level 9. HP: 19/41 MP: 10/10
  8459 | D:7      | Reached skill level 9 in Dodging
  8702 | D:7      | Found a blossoming altar of Fedhas.
  9066 | D:7      | Gained mutation: You are agile. (Dex +2) [potion of mutation]
  9082 | D:7      | HP: 3/61 [centaur (3)]
  9083 | D:7      | Slain by a centaur

Action                   |  1- 3 |  4- 6 |  7- 9 || total
-------------------------+-------+-------+-------++-------
Melee: Dagger            |     7 |       |       ||     7
 Fire: Blowgun           |    49 |    22 |    93 ||   164
       Hunting sling     |    17 |   179 |   456 ||   652
Throw: Stone             |     7 |       |     2 ||     9
Evoke: Wand              |       |       |     1 ||     1
  Use: Potion            |       |     4 |     6 ||    10
       Scroll            |       |       |     6 ||     6
 Stab: Sleeping          |    26 |     3 |     4 ||    33
       Distracted        |     1 |       |       ||     1
  Eat: Pizza             |       |     1 |     1 ||     2
       Fruit             |       |       |     1 ||     1
